BSA
POCATELLO BELLAS @ VISTA PANTHERS
09/02/2030
 
TOP OF THE 1ST
Pocatello Bellas batting - Pitching for Vista Panthers : RHP José Salinas
Pitching: RHP José Salinas
Batting: RHB Buck Jones 0-0: Ball
1-0: Called Strike
1-1: Ball
2-1: Fly out, F8 (Flyball, 8LD)
Batting: RHB Júlio Figueroa 0-0: Ball
1-0: Foul Ball, location: 2F
1-1: Foul Ball, location: 2F
1-2: Ball
2-2: Foul Ball, location: 2F
2-2: Foul Ball, location: 2F
2-2: Ball
3-2: Foul Ball, location: 2F
3-2: Foul Ball, location: 2F
3-2: Fly out, F5 (Line Drive, 56)
Batting: RHB António Ortega 0-0: Foul Ball, location: 2F
0-1: Ball
1-1: Ball
2-1: Ground out U3 (Groundball, 34S)
Top of the 1st over - 0 runs, 0 hits, 0 errors, 0 left on base; Pocatello 0 - Vista 0
BOTTOM OF THE 1ST
Vista Panthers batting - Pitching for Pocatello Bellas : RHP Dionisio Penni
Pitching: RHP Dionisio Penni
Batting: LHB Arthur MacDonald 0-0: Called Strike
0-1: Ball
1-1: Ball
2-1: Fly out, F4 (Popup, 4M)
Batting: LHB Clyde Yarbrough 0-0: Foul Ball, location: 2F
0-1: Fly out, F5 (Popup, 56)
Batting: RHB Jake Reeves 0-0: Called Strike
0-1: Foul Ball, location: 2F
0-2: Ball
1-2: Ball
2-2: Ball
3-2: SOLO HOME RUN (Flyball, 78XD), Distance : 438 ft
Batting: LHB Dante Owens 0-0: Ball
1-0: Ball
2-0: Foul Ball, location: 2F
2-1: Swinging Strike
2-2: Foul Ball, location: 2F
2-2: DOUBLE (Flyball, 8LXD)
Batting: RHB Stephen Wilson 0-0: Ball
1-0: Called Strike
1-1: DOUBLE (Groundball, 3L)
Dante Owens scores
Batting: RHB Phil Matthews 0-0: Foul Ball, location: 2F
0-1: Fly out, F6 (Flyball, 6MD)
Bottom of the 1st over - 2 runs, 3 hits, 0 errors, 1 left on base; Pocatello 0 - Vista 2
TOP OF THE 2ND
Pocatello Bellas batting - Pitching for Vista Panthers : RHP José Salinas
Batting: SHB Shane Hutchinson 0-0: Foul Ball, location: 2F
0-1: Ball
1-1: Foul Ball, location: 2F
1-2: Ball
2-2: Foul Ball, location: 2F
2-2: Ball
3-2: Foul Ball, location: 2F
3-2: Foul Ball, location: 2F
3-2: Foul Ball, location: 2F
3-2: Strikes out swinging
Batting: LHB José Rivas 0-0: Fly out, F9 (Flyball, 9S)
Batting: SHB Juan Castro 0-0: Called Strike
0-1: Ground out 6-3 (Groundball, 6M)
Top of the 2nd over - 0 runs, 0 hits, 0 errors, 0 left on base; Pocatello 0 - Vista 2
BOTTOM OF THE 2ND
Vista Panthers batting - Pitching for Pocatello Bellas : RHP Dionisio Penni
Batting: RHB Justin Burgess 0-0: Foul Ball, location: 2F
0-1: Called Strike
0-2: Ball
1-2: Ground out 4-3 (Groundball, 4)
Batting: RHB Pablo Peña 0-0: Ball
1-0: Ball
2-0: Ball
3-0: Called Strike
3-1: Fly out, F5 (Popup, 56S)
Batting: LHB Ramiro Martínez 0-0: Called Strike
0-1: Ball
1-1: SINGLE (Groundball, 56D)
Batting: LHB Arthur MacDonald 0-0: Ball
1-0: Called Strike
1-1: Ball
2-1: Foul Ball, location: 2F
2-2: SINGLE (Groundball, 34S) (infield hit)
Ramiro Martínez to second
Batting: LHB Clyde Yarbrough 0-0: Called Strike
0-1: Foul Ball, location: 2F
0-2: Ball
1-2: Ball
2-2: DOUBLE (Line Drive, 78XD)
Ramiro Martínez scores
Arthur MacDonald to third
Runner from 3rd tries for Home, SAFE, no throw
Batting: RHB Jake Reeves 0-0: Called Strike
0-1: Ball
1-1: Called Strike
1-2: Strikes out swinging
Bottom of the 2nd over - 2 runs, 3 hits, 0 errors, 1 left on base; Pocatello 0 - Vista 4
TOP OF THE 3RD
Pocatello Bellas batting - Pitching for Vista Panthers : RHP José Salinas
Batting: RHB Lonnie Anderson 0-0: Ball
1-0: Foul Ball, location: 2F
1-1: Foul Ball, location: 2F
1-2: Strikes out looking
Batting: LHB John Cotton 0-0: Fly out, F4 (Line Drive, 4M)
Batting: RHB Enrique Mendoza 0-0: Called Strike
0-1: Ball
1-1: SINGLE (Line Drive, 8LS)
Batting: RHB Buck Jones 0-0: Ball
1-0: Called Strike
1-1: Ball
2-1: Foul Ball, location: 2F
2-2: Foul Ball, location: 2F
2-2: Ball
Enrique Mendoza steals 2nd base
3-2: SINGLE (Line Drive, 89S)
Enrique Mendoza to third
Enrique Mendoza scores
Batting: RHB Júlio Figueroa 0-0: Ball
1-0: SINGLE (Groundball, 6MD)
Buck Jones to second
Runner from 2nd tries for 3rd, SAFE, no throw
Batting: RHB António Ortega 0-0: Called Strike
0-1: Foul Ball, location: 2F
0-2: Strikes out swinging
Top of the 3rd over - 1 run, 3 hits, 0 errors, 2 left on base; Pocatello 1 - Vista 4
BOTTOM OF THE 3RD
Vista Panthers batting - Pitching for Pocatello Bellas : RHP Dionisio Penni
Batting: LHB Dante Owens 0-0: Ball
1-0: Ball
2-0: Called Strike
2-1: Ball
3-1: Called Strike
3-2: Base on Balls
Batting: RHB Stephen Wilson 0-0: Ball
1-0: Foul Ball, location: 2F
1-1: Ball
2-1: Ball
3-1: Foul Ball, location: 2F
3-2: Base on Balls
Dante Owens to second
Batting: RHB Phil Matthews 0-0: Called Strike
0-1: Ball
1-1: Swinging Strike
1-2: DOUBLE (Flyball, 89XD)
Dante Owens scores
Stephen Wilson to third
Batting: RHB Justin Burgess 0-0: Ball
1-0: Ball
2-0: Ground out 5-3 (Groundball, 56)
Stephen Wilson scores
Batting: RHB Pablo Peña 0-0: Swinging Strike
0-1: Ball
1-1: Swinging Strike
1-2: Foul Ball, location: 2F
1-2: Ball
2-2: Foul Ball, location: 2F
2-2: Fly out, F9 (Flyball, 9)
Batting: LHB Ramiro Martínez 0-0: Called Strike
0-1: Ground out 5-3 (Groundball, 5)
Bottom of the 3rd over - 2 runs, 1 hit, 0 errors, 1 left on base; Pocatello 1 - Vista 6
TOP OF THE 4TH
Pocatello Bellas batting - Pitching for Vista Panthers : RHP José Salinas
Batting: SHB Shane Hutchinson 0-0: Swinging Strike
0-1: Ball
1-1: Ball
2-1: Called Strike
2-2: Strikes out looking
Batting: LHB José Rivas 0-0: Ball
1-0: Foul Ball, location: 2F
1-1: Swinging Strike
1-2: Ball
2-2: SINGLE (Line Drive, 89S)
Batting: SHB Juan Castro 0-0: Fly out, F3 (Popup, 3SF)
Batting: RHB Lonnie Anderson 0-0: Ball
1-0: Ground out 4-3 (Groundball, 34)
Top of the 4th over - 0 runs, 1 hit, 0 errors, 1 left on base; Pocatello 1 - Vista 6
BOTTOM OF THE 4TH
Vista Panthers batting - Pitching for Pocatello Bellas : RHP Dionisio Penni
Batting: LHB Arthur MacDonald 0-0: Ball
1-0: Called Strike
1-1: Ball
2-1: Foul Ball, location: 2F
2-2: Foul Ball, location: 2F
2-2: Strikes out swinging
Batting: LHB Clyde Yarbrough 0-0: Called Strike
0-1: Foul Ball, location: 2F
0-2: Ball
1-2: Ball
2-2: Ball
3-2: DOUBLE (Line Drive, 9LD)
Batting: RHB Jake Reeves 0-0: Ball
1-0: Ground out 5-3 (Groundball, 56)
Batting: LHB Dante Owens 0-0: Fly out, F7 (Flyball, 7S)
Bottom of the 4th over - 0 runs, 1 hit, 0 errors, 1 left on base; Pocatello 1 - Vista 6
TOP OF THE 5TH
Pocatello Bellas batting - Pitching for Vista Panthers : RHP José Salinas
Batting: LHB John Cotton 0-0: Called Strike
0-1: Ball
1-1: Fly out, F8 (Flyball, 8LD)
Batting: RHB Enrique Mendoza 0-0: Ball
1-0: Swinging Strike
1-1: Ball
2-1: Ground out 1-3 (Groundball, 13)
Batting: RHB Buck Jones 0-0: Ground out 5-3 (Groundball, 5L)
Top of the 5th over - 0 runs, 0 hits, 0 errors, 0 left on base; Pocatello 1 - Vista 6
BOTTOM OF THE 5TH
Vista Panthers batting - Pitching for Pocatello Bellas : RHP Dionisio Penni
Pitching: RHP Manuel Fuentes
Batting: RHB Stephen Wilson 0-0: Ball
1-0: Swinging Strike
1-1: Called Strike
1-2: Strikes out looking
Batting: RHB Phil Matthews 0-0: Ball
1-0: Fly out, F7 (Flyball, 7S)
Batting: RHB Justin Burgess 0-0: Ball
1-0: Foul Ball, location: 2F
1-1: Called Strike
1-2: SINGLE (Groundball, 4MD)
Batting: RHB Pablo Peña 0-0: Swinging Strike
0-1: Foul Ball, location: 2F
0-2: Foul Ball, location: 2F
0-2: Strikes out looking
Bottom of the 5th over - 0 runs, 1 hit, 0 errors, 1 left on base; Pocatello 1 - Vista 6
TOP OF THE 6TH
Pocatello Bellas batting - Pitching for Vista Panthers : RHP José Salinas
Batting: RHB Júlio Figueroa 0-0: Fly out, F7 (Flyball, 78S)
Batting: RHB António Ortega 0-0: Foul Ball, location: 2F
0-1: Fly out, F7 (Flyball, 78XD)
Batting: SHB Shane Hutchinson 0-0: Ball
1-0: Ball
2-0: SOLO HOME RUN (Flyball, 9LD), Distance : 340 ft
Batting: LHB José Rivas 0-0: Ball
1-0: Called Strike
1-1: Ball
2-1: Reached via error on a dropped throw, E1
Batting: SHB Juan Castro 0-0: Foul Ball, location: 2F
0-1: Ball
1-1: Called Strike
1-2: Fly out, F9 (Flyball, 9S)
Top of the 6th over - 1 run, 1 hit, 1 error, 1 left on base; Pocatello 2 - Vista 6
BOTTOM OF THE 6TH
Vista Panthers batting - Pitching for Pocatello Bellas : RHP Manuel Fuentes
Batting: LHB Ramiro Martínez 0-0: Ball
1-0: Fly out, F2 (Popup, 15S)
Batting: LHB Arthur MacDonald 0-0: Ball
1-0: Called Strike
1-1: Ground out 4-3 (Groundball, 4)
Batting: LHB Clyde Yarbrough 0-0: DOUBLE (Line Drive, 7LS)
Batting: RHB Jake Reeves 0-0: Swinging Strike
0-1: Foul Ball, location: 2F
0-2: 2-RUN HOME RUN (Flyball, 9LD), Distance : 327 ft
Batting: LHB Dante Owens 0-0: SOLO HOME RUN (Flyball, 89XD), Distance : 404 ft
Batting: RHB Stephen Wilson 0-0: Ball
1-0: Ball
2-0: Foul Ball, location: 2F
2-1: Foul Ball, location: 2F
2-2: Ball
3-2: Foul Ball, location: 2F
3-2: Fly out, F9 (Flyball, 89M)
Bottom of the 6th over - 3 runs, 3 hits, 0 errors, 0 left on base; Pocatello 2 - Vista 9
TOP OF THE 7TH
Pocatello Bellas batting - Pitching for Vista Panthers : RHP José Salinas
Now at 2B: Francisco Medina
Batting: RHB Lonnie Anderson 0-0: Ball
1-0: Ball
2-0: Called Strike
2-1: Foul Ball, location: 2F
2-2: Ball
3-2: Base on Balls
Batting: LHB John Cotton 0-0: Swinging Strike
0-1: Ball
1-1: SINGLE (Flyball, 9LS)
Lonnie Anderson to second
Runner from 2nd tries for 3rd, SAFE, no throw
Batting: RHB Enrique Mendoza 0-0: Called Strike
0-1: Ball
1-1: Called Strike
1-2: Ball
2-2: 3-RUN HOME RUN (Flyball, 78XD), Distance : 434 ft
Pitching: RHP John Hall
Batting: RHB Buck Jones 0-0: Foul Ball, location: 2F
0-1: Ball
1-1: Foul Ball, location: 2F
1-2: Ground out 4-3 (Groundball, 4)
Batting: RHB Júlio Figueroa 0-0: Ball
1-0: SINGLE (Groundball, 4MD)
Batting: RHB António Ortega 0-0: Called Strike
0-1: Ball
1-1: Ball
2-1: Grounds into double play, 5-4-3 (Groundball, 5L)
Top of the 7th over - 3 runs, 3 hits, 0 errors, 0 left on base; Pocatello 5 - Vista 9
BOTTOM OF THE 7TH
Vista Panthers batting - Pitching for Pocatello Bellas : RHP Manuel Fuentes
Pitching: RHP Tatsuzo Harada
Batting: RHB Phil Matthews 0-0: Called Strike
0-1: Ball
1-1: Foul Ball, location: 2F
1-2: Ball
2-2: Ball
3-2: Base on Balls
Batting: RHB Justin Burgess 0-0: Ball
1-0: Sac Bunt - play at first, batter OUT! 1-4
Phil Matthews to second
Batting: RHB Pablo Peña 0-0: Called Strike
0-1: Foul Ball, location: 2F
0-2: Foul Ball, location: 2F
0-2: Ball
1-2: Strikes out swinging
Batting: LHB Ramiro Martínez 0-0: Ball
1-0: Ball
2-0: Ball
3-0: Called Strike
3-1: Foul Ball, location: 2F
3-2: Base on Balls
Batting: LHB Arthur MacDonald 0-0: Ball
1-0: Ball
2-0: Ball
3-0: Called Strike
3-1: Base on Balls
Phil Matthews to third
Ramiro Martínez to second
Batting: LHB Clyde Yarbrough 0-0: Ball
1-0: Called Strike
1-1: Ground out 4-3 (Groundball, 34)
Bottom of the 7th over - 0 runs, 0 hits, 0 errors, 3 left on base; Pocatello 5 - Vista 9
TOP OF THE 8TH
Pocatello Bellas batting - Pitching for Vista Panthers : RHP John Hall
Batting: SHB Shane Hutchinson 0-0: Ground out 5-3 (Groundball, 56)
Batting: LHB José Rivas 0-0: Ball
1-0: Foul Ball, location: 2F
1-1: Ground out 1-3 (Groundball, 13S)
Batting: SHB Juan Castro 0-0: Ball
1-0: Called Strike
1-1: Ground out 4-3 (Groundball, 4)
Top of the 8th over - 0 runs, 0 hits, 0 errors, 0 left on base; Pocatello 5 - Vista 9
BOTTOM OF THE 8TH
Vista Panthers batting - Pitching for Pocatello Bellas : RHP Tatsuzo Harada
Batting: RHB Jake Reeves 0-0: Swinging Strike
0-1: Foul Ball, location: 2F
0-2: Ball
1-2: Strikes out swinging
Batting: LHB Dante Owens 0-0: Called Strike
0-1: Ball
1-1: Ball
2-1: Foul Ball, location: 2F
2-2: Ball
3-2: Foul Ball, location: 2F
3-2: Base on Balls
Batting: LHB Francisco Medina 0-0: Ball
1-0: Ball
2-0: Ball
3-0: Called Strike
3-1: Base on Balls
Dante Owens to second
Batting: RHB Phil Matthews 0-0: Ball
1-0: Grounds into double play, 6-4-3 (Groundball, 6)
Bottom of the 8th over - 0 runs, 0 hits, 0 errors, 1 left on base; Pocatello 5 - Vista 9
TOP OF THE 9TH
Pocatello Bellas batting - Pitching for Vista Panthers : RHP John Hall
Batting: RHB Lonnie Anderson 0-0: Called Strike
0-1: Called Strike
0-2: Ball
1-2: Strikes out swinging
Batting: LHB John Cotton 0-0: Foul Ball, location: 2F
0-1: Ground out 4-3 (Groundball, 4M)
Batting: RHB Enrique Mendoza 0-0: Called Strike
0-1: Ball
1-1: Called Strike
1-2: Ground out 6-3 (Groundball, 6)
Top of the 9th over - 0 runs, 0 hits, 0 errors, 0 left on base; Pocatello 5 - Vista 9
Saturday, April 7th, 2018 - OOTP Baseball 18.8 Build 76